 Dungeon Crawl Stone Soup version 0.23.2 (webtiles) character file.

Game seed: 18055981861586941071

35252 Borgoz the Slicer (level 14, -4/88 HPs)
             Began as a Kobold Berserker on Apr 9, 2019.
             Was a High Priest of Trog.
             Slain by a death yak (7 damage)
             ... on level 4 of the Lair of Beasts.
             The game lasted 00:35:33 (16811 turns).

Borgoz the Slicer (Kobold Berserker)               Turns: 16811, Time: 00:35:34

Health: -4/88      AC: 14    Str: 21 (23) XL:     14   Next: 17%
Magic:  21/21      EV: 33    Int:  9      God:    Trog [*****.]
Gold:   545        SH:  0    Dex: 29      Spells: 13/13 levels left

rFire    . . .     SeeInvis .   o - +3 short sword of Terror {pierce, +Blink rN+ Dex+2}
rCold    . . .     Gourm    .   (shield restricted)
rNeg     + . .     Faith    .   p - +3 troll leather armour
rPois    .         Spirit   .   l - +0 helmet
rElec    .         Reflect  .   m - +1 cloak
rCorr    .         Harm     .   K - +0 pair of gloves
MR       +....                  (no boots)
Stlth    ++++++....             (no amulet)
HPRegen  0.64/turn              L - +3 ring of strength
MPRegen  0.17/turn              u - +4 ring of dexterity

@: mighty, agile, about to teleport, berserk cooldown, slowed, very slow
A: small, carnivore
a: Berserk, Trog's Hand, Brothers in Arms, Renounce Religion, Evoke Blink


You were on level 4 of the Lair of Beasts.
You worshipped Trog.
Trog was extremely pleased with you.
You were very full.

You visited 3 branches of the dungeon, and saw 18 of its levels.

You collected 1034 gold pieces.
You spent 489 gold pieces at shops.

Inventory:

Hand Weapons
 a - a +4 short sword of draining
 b - a +4 antimagic short sword
 o - the +3 short sword of Terror (weapon) {pierce, +Blink rN+ Dex+2}
   (Trog gifted it to you on level 4 of the Lair of Beasts)

   It inflicts extra damage upon your enemies.
   It affects your dexterity (+2).
   It protects you from negative energy.
   It lets you blink.
 s - a +1 rapier
Missiles
 g - 5 tomahawks
 T - a throwing net (quivered)
Armour
 l - a +0 helmet (worn)
 m - a +1 cloak (worn)
 p - a +3 troll leather armour (worn)
 K - a +0 pair of gloves (worn)
 V - the +0 leather armour of Miracles {rF+ Str+3}
   (You found it on level 1 of the Lair of Beasts)

   It affects your strength (+3).
   It protects you from fire.
Jewellery
 i - a +5 ring of intelligence
 u - a +4 ring of dexterity (right hand)
 D - an uncursed ring of protection from fire
 L - a +3 ring of strength (left hand)
Wands
 j - a wand of clouds (3)
 A - a wand of iceblast (2)
 E - a wand of acid (16)
Scrolls
 d - a scroll of noise {unknown}
 h - a scroll of enchant weapon
 q - 7 scrolls of remove curse
 r - 2 scrolls of teleportation
 t - a scroll of brand weapon {unknown}
 v - a scroll of enchant armour
 C - 3 scrolls of fog
 F - 3 scrolls of magic mapping
 I - 4 scrolls of identify
Potions
 e - 4 potions of lignification
 k - 7 potions of might
 n - 5 potions of curing
 z - 2 potions of agility
 M - a potion of berserk rage
 X - a potion of flight
Comestibles
 c - 26 rations


   Skills:
 + Level 10.8 Fighting
 + Level 12.5 Short Blades
 + Level 2.7 Throwing
 * Level 11.2 Armour
 + Level 11.3 Dodging
 - Level 10.0 Stealth
 + Level 9.3 Evocations


You had 13 spell levels left.
You didn't know any spells.
Your spell library was empty.

Dungeon Overview and Level Annotations

Branches:
Dungeon (12/15)            Temple (1/1) D:4            Lair (5/6) D:11
  Swamp (0/4) Lair:2       Spider (0/4) Lair:2          Orc (0/2) D:9
  Slime: Lair:5-6

Altars:
Ashenzari
Cheibriados
Dithmenos
Elyvilon
Fedhas
Gozag
Hepliaklqana
Kikubaaqudgha
Makhleb
Nemelex Xobeh
Okawaru
Qazlal
Ru
Sif Muna
Trog
Uskayaw
Vehumet
Wu Jian
Xom
Yredelemnul
Zin
The Shining One

Shops:
D:6 *   D:7 *   D:10 ?

Annotations:
D:12 1 runed translucent door, exclusion: orange crystal statue


Innate Abilities, Weirdness & Mutations

You are small and have problems with some larger weapons.
You are carnivorous and can eat meat at any time.


Message History

The death yak gores you but does no damage.
You feel very mighty all of a sudden. The death yak barely misses you.
All of the chunks of flesh in your inventory have rotted away.
You hit the death yak.
The death yak is moderately wounded.
The death yak gores you!
* * * LOW HITPOINT WARNING * * *
You hit the death yak.
The death yak is moderately wounded.
The death yak closely misses you.
You puncture the death yak!
The death yak is heavily wounded.
As you read the scroll of teleportation, it crumbles to dust.
You feel strangely unstable. The death yak gores you!!
* * * LOW HITPOINT WARNING * * *
The death yak completely misses you.
You feel agile all of a sudden. The death yak gores you!
You die...

##..........#P........#
##.P..#..#.##.......##
#######....#.........#....#
#...#.#..................##
##..........#..............#
#....#.#.......>..........##
##.######..##.........#.#...
#.# ####YY<........#.... ###
#@#.........####.#
###..###.#### ### #### ###


You could see 2 death yaks.

Vanquished Creatures
  Kirke (Lair:4)
  Snorg (Lair:4)
  Josephine (D:10)
  2 hydras
  3 death yaks (Lair:4)
  Urug (D:10)
  Nergalle (D:12)
  An ugly thing (D:12)
  2 manticores (D:12)
  An oklob plant (D:11)
  2 black mambas
  3 moths of wrath (Lair:5)
  A centaur zombie (D:12)
  Psyche (D:9)
  6 spiny frogs
  3 komodo dragons
  3 kobold demonologists (D:12)
  3 trolls
  6 tyrant leeches
  A tengu conjurer (D:10)
  12 blink frogs
  2 hippogriffs
  7 slime creatures (D:12)
  A redback (Lair:2)
  5 wraiths
  2 hogs (Lair:4)
  2 wyverns
  22 yaks
  A basilisk (D:12)
  Eustachio (D:4)
  2 hungry ghosts
  2 swamp worms (Lair:5)
  Edmund (D:4)
  A soldier ant (D:10)
  3 water moccasins
  2 porcupines
  4 sky beasts
  2 ice beasts
  6 orc warriors
  A black bear (D:12)
  A necrophage (D:9)
  8 wolves
  An eye of draining (D:12)
  2 phantoms
  7 ogres
  6 centaurs
  6 crocodiles
  2 big kobolds
  20 bullfrogs
  A wyvern zombie (D:12)
  A wyvern skeleton (D:11)
  4 scorpions
  6 killer bees (D:7)
  5 wights
  6 howler monkeys
  2 electric eels (Lair:4)
  8 crimson imps
  3 bullfrog zombies
  Crazy Yiuf (D:2)
  7 hounds
  A bullfrog skeleton (D:6)
  3 orc priests
  3 jellies
  A centaur skeleton (D:4)
  Ijyb (D:4)
  5 iguanas
  16 orc wizards
  5 worker ants
  3 hound skeletons
  A howler monkey zombie (D:8)
  2 worker ant zombies
  Robin (D:2)
  12 adders
  2 shadow imps (D:5)
  An adder zombie (D:8)
  2 adder skeletons (D:7)
  6 worms
  3 dart slugs
  4 leopard geckos
  34 orcs
  9 giant cockroaches
  14 goblins
  16 hobgoblins
  7 jackals
  7 quokkas
  7 bats
  6 frilled lizards
  A jackal skeleton (D:4)
  16 kobolds
  A quokka skeleton (D:6)
  6 rats
  9 plants (D:11)
424 creatures vanquished.

Vanquished Creatures (others)
  A human (Lair:5)
  A kobold (D:12)
  2 fungi (Lair:5)
  6 plants
10 creatures vanquished.

Grand Total: 434 creatures vanquished

Notes
Turn   | Place    | Note
-------+----------+-------------------------------------------
     0 | D:1      | Borgoz the Kobold Berserker began the quest for the Orb.
     0 | D:1      | Reached XP level 1. HP: 14/14 MP: 1/1
   374 | D:1      | Reached XP level 2. HP: 19/19 MP: 2/2
   547 | D:1      | Reached XP level 3. HP: 11/23 MP: 3/3
  1027 | D:2      | Reached ** piety under Trog
  1137 | D:2      | Reached XP level 4. HP: 16/29 MP: 4/4
  1141 | D:2      | Reached XP level 5. HP: 19/33 MP: 5/5
  1190 | D:2      | Found a sacrificial altar of Ru.
  1845 | D:2      | Noticed Robin
  1863 | D:2      | Killed Robin
  1969 | D:2      | Found a runed translucent door.
  1970 | D:2      | Noticed Crazy Yiuf
  2013 | D:2      | Reached skill level 5 in Short Blades
  2150 | D:2      | Killed Crazy Yiuf
  2287 | D:3      | Found an ornate altar of the Wu Jian Council.
  2382 | D:3      | Reached XP level 6. HP: 25/38 MP: 6/6
  2664 | D:3      | Found a stormy altar of Qazlal.
  2839 | D:3      | Noticed a phantom
  2889 | D:3      | Killed a phantom
  3118 | D:4      | Reached *** piety under Trog
  3164 | D:4      | Reached XP level 7. HP: 29/44 MP: 7/7
  3286 | D:4      | Found an ancient bone altar of Kikubaaqudgha.
  3329 | D:4      | Noticed Edmund
  3329 | D:4      | Noticed Ijyb
  3347 | D:4      | Killed Ijyb
  3359 | D:4      | Killed Edmund
  3359 | D:4      | Reached skill level 5 in Fighting
  3359 | D:4      | Reached skill level 6 in Short Blades
  3603 | D:4      | Reached XP level 8. HP: 34/49 MP: 8/8
  3881 | D:4      | Noticed Eustachio
  3901 | D:4      | Killed Eustachio
  3901 | D:4      | Reached skill level 5 in Dodging
  4140 | D:4      | Found a staircase to the Ecumenical Temple.
  4378 | Temple   | Entered the Ecumenical Temple
  4622 | D:5      | Entered Level 5 of the Dungeon
  4653 | D:5      | Reached skill level 5 in Armour
  4706 | D:5      | Noticed a yak
  4707 | D:5      | Noticed a yak
  4709 | D:5      | Noticed a yak
  4726 | D:5      | Killed a yak
  4733 | D:5      | Killed a yak
  4733 | D:5      | Reached skill level 7 in Short Blades
  4745 | D:5      | Killed a yak
  4745 | D:5      | Reached XP level 9. HP: 33/55 MP: 9/9
  4759 | D:5      | Reached **** piety under Trog
  5014 | D:5      | Found a basalt altar of Yredelemnul.
  5015 | D:5      | Found a hide-covered altar of Uskayaw.
  5332 | D:6      | Reached skill level 1 in Evocations
  5416 | D:6      | Reached skill level 8 in Short Blades
  5872 | D:6      | Found a radiant altar of Vehumet.
  5873 | D:6      | Found a burning altar of Makhleb.
  5902 | D:6      | Reached skill level 1 in Stealth
  5973 | D:6      | Found Zin's Purification Station.
  5976 | D:6      | Found a glowing silver altar of Zin.
  6039 | D:6      | Received a gift from Trog
  6168 | D:7      | Reached XP level 10. HP: 63/63 MP: 10/12
  6203 | D:7      | Reached ***** piety under Trog
  6233 | D:7      | Received a gift from Trog
  6429 | D:7      | Found a white marble altar of Elyvilon.
  6663 | D:7      | Reached skill level 9 in Short Blades
  6689 | D:7      | Found Beffir Penu's Assorted Antiques.
  6698 | D:7      | Bought a scroll of identify for 64 gold pieces
  6698 | D:7      | Bought a scroll of identify for 64 gold pieces
  6698 | D:7      | Bought a sapphire ring for 160 gold pieces
  6826 | D:7      | Found a deep blue altar of Sif Muna.
  7006 | D:7      | Found an opulent altar of Gozag.
  7136 | D:7      | Found an opulent altar of Gozag.
  7362 | D:8      | Found a glowing golden altar of the Shining One.
  7966 | D:9      | Noticed Psyche
  7982 | D:9      | Killed Psyche
  8015 | D:9      | Found a staircase to the Orcish Mines.
  8058 | D:9      | Found a shimmering altar of Xom.
  8058 | D:9      | Found a shimmering altar of Xom.
  8059 | D:9      | Found a shimmering altar of Xom.
  8059 | D:9      | Found a shimmering altar of Xom.
  8059 | D:9      | Found a shimmering altar of Xom.
  8059 | D:9      | Found a shimmering altar of Xom.
  8059 | D:9      | Found a shimmering altar of Xom.
  8158 | D:9      | Noticed a manticore
  8793 | D:10     | Entered Level 10 of the Dungeon
  8810 | D:10     | Noticed Urug
  8841 | D:10     | Killed Urug
  8841 | D:10     | Reached skill level 5 in Stealth
  8841 | D:10     | Reached XP level 11. HP: 25/68 MP: 14/14
  8939 | D:10     | Found Geing's Magic Scroll Shoppe.
  8941 | D:10     | Noticed Josephine
  8964 | D:10     | Killed Josephine
  8964 | D:10     | Reached skill level 5 in Evocations
  9172 | D:10     | Identified the +3 flail "Weviag" {venom, rC++ MR-}
  9199 | D:10     | Reached skill level 10 in Short Blades
  9346 | D:10     | Bought a scroll of identify for 26 gold pieces
  9346 | D:10     | Bought a scroll of identify for 26 gold pieces
  9346 | D:10     | Bought a scroll of identify for 26 gold pieces
  9346 | D:10     | Bought a scroll of remove curse for 39 gold pieces
  9346 | D:10     | Bought a scroll of remove curse for 39 gold pieces
  9575 | D:11     | Found a staircase to the Lair.
  9575 | D:11     | Noticed an oklob plant
  9663 | D:11     | Killed an oklob plant
 10840 | D:12     | Noticed a manticore
 10856 | D:12     | Killed a manticore
 10938 | D:12     | Reached XP level 12. HP: 75/75 MP: 5/16
 11076 | D:12     | Found a runed translucent door.
 11242 | D:12     | Noticed Nergalle
 11247 | D:12     | Killed Nergalle
 11337 | D:12     | Found a hazy altar of Hepliaklqana.
 11387 | D:12     | Reached skill level 11 in Short Blades
 11393 | D:12     | Received a gift from Trog
 11415 | D:12     | Got a pitted short sword {god gift}
 11456 | D:12     | Identified the +1 short sword of Trog's Favour {pierce,
                  | Str+3} (Trog gifted it to you on level 12 of the Dungeon)
 12037 | D:12     | Noticed a crystal guardian
 12040 | D:12     | Noticed a crystal guardian
 12308 | D:10     | Bought a scroll of magic mapping for 45 gold pieces
 12343 | Lair:1   | Entered Level 1 of the Lair of Beasts
 12490 | Lair:1   | Got a dazzling leather armour
 12572 | Lair:1   | Noticed a six-headed hydra
 12588 | Lair:1   | Killed a six-headed hydra
 12588 | Lair:1   | Reached skill level 10 in Dodging
 12679 | Lair:1   | Identified the +0 leather armour of Miracles {rF+ Str+3}
                  | (You found it on level 1 of the Lair of Beasts)
 12711 | Lair:1   | Reached skill level 10 in Armour
 12900 | Lair:1   | Reached XP level 13. HP: 80/81 MP: 18/18
 13324 | Lair:2   | Found a staircase to the Swamp.
 13483 | Lair:2   | Found a hole to the Spider Nest.
 13682 | Lair:2   | Reached skill level 10 in Fighting
 14530 | Lair:3   | Reached skill level 12 in Short Blades
 14659 | Lair:3   | Noticed a four-headed hydra
 14665 | Lair:3   | Killed a four-headed hydra
 14986 | Lair:4   | Noticed Snorg
 14992 | Lair:4   | Killed Snorg
 14992 | Lair:4   | Reached skill level 10 in Stealth
 15835 | Lair:5   | Noticed Kirke
 15850 | Lair:4   | Received a gift from Trog
 15866 | Lair:4   | HP: 2/83 [harpy[Kirke] (16)]
 15993 | Lair:4   | Got a brightly glowing short sword {god gift}
 16020 | Lair:4   | Killed Kirke
 16020 | Lair:4   | Reached skill level 1 in Throwing
 16064 | Lair:4   | Identified the +3 short sword of Terror {pierce, +Blink rN+
                  | Dex+2} (Trog gifted it to you on level 4 of the Lair of
                  | Beasts)
 16368 | Lair:5   | Reached XP level 14. HP: 88/88 MP: 20/20
 16810 | Lair:4   | HP: 2/88 [death yak (25)]
 16811 | Lair:4   | Slain by a death yak

Skill      XL: |  1  2  3  4  5  6  7  8  9 10 11 12 13 |
---------------+----------------------------------------+-----
Armour         | 2 3 4 5 6 8 9 10 11 | 11.2
Dodging        | 3 4 5 7 8 9 10 11 | 11.3
Fighting       | 4 5 6 7 8 9 10 | 10.8
Short Blades   | 5 6 7 8 9 10 11 12 | 12.5
Evocations     | 2 4 6 7 9 |  9.3
Stealth        | 1 5 7 8 10 | 10.0
Throwing       | 2 |  2.7

Action                   |  1- 3 |  4- 6 |  7- 9 | 10-12 | 13-15 || total
-------------------------+-------+-------+-------+-------+-------++-------
Melee: Short sword       |   123 |    13 |       |   999 |   625 ||  1760
       Dagger            |       |   202 |   484 |   500 |       ||  1186
       Unarmed           |       |       |       |       |    20 ||    20
Invok: Berserk           |     2 |     2 |     5 |    10 |     6 ||    25
       Trog's Hand       |       |       |       |     4 |     4 ||     8
 Abil: Evoke Blink       |       |       |       |       |     1 ||     1
Evoke: Wand              |       |       |     1 |     6 |       ||     7
  Use: Scroll            |       |     2 |    11 |    12 |     5 ||    30
       Potion            |       |       |     3 |     3 |     8 ||    14
 Stab: Sleeping          |     1 |     3 |     2 |    22 |    10 ||    38
       Distracted        |       |       |     1 |       |       ||     1
       Invisible         |       |       |       |       |     3 ||     3
  Eat: Chunk             |    10 |    10 |    14 |    37 |    18 ||    89
Armor: Animal skin       |    27 |     9 |       |       |       ||    36
       Troll leather arm |       |    16 |    71 |   160 |    77 ||   324
       Skin              |       |       |    15 |       |       ||    15
Dodge: Dodged            |    99 |   126 |   344 |   790 |   560 ||  1919
